 Dungeon Crawl Stone Soup version 0.30-a0-224-ge52a3cb02f (webtiles) character file.

Game seed: 11336234209910389066

263 qw the Chopper (level 6, -1/37 HPs)
             Began as a Gargoyle Fighter on Oct 9, 2022.
             Slain by an ogre
             ... wielding a +0 giant club
              (18 damage)
             ... on level 5 of the Dungeon.
             The game lasted 00:01:19 (3613 turns).

qw the Chopper (Gargoyle Fighter)                   Turns: 3613, Time: 00:01:19

Health: -1/37      AC: 12    Str: 22    XL:     6   Next: 19%
Magic:  6/6        EV:  9    Int:  8    God:
Gold:   121        SH:  4    Dex:  9    Spells: 5/5 levels left

rFire   . . .      SeeInvis +    Y - +0 war axe
rCold   . . .      Faith    .    c - +0 buckler
rNeg    + . .      Spirit   .    b - +0 scale mail
rPois   inf        Reflect  .    o - +0 helmet
rElec   +          Harm     .    (no cloak)
rCorr   .          Rampage  .    (no gloves)
Will    .....                    (no boots)
Stlth   ..........               l - amulet of regeneration
HPRegen 1.06/turn                g - ring of see invisible
MPRegen 0.10/turn                (no ring)

@: no status effects
A: sickness immunity, AC +4, negative energy resistance 1, electricity
resistance, torment resistance 1, petrification resistance
a: no special abilities


You were on level 5 of the Dungeon.
You visited 1 branch of the dungeon, and saw 5 of its levels.

You collected 221 gold pieces.
You spent 100 gold pieces at shops.


Innate Abilities, Weirdness & Mutations

You are immune to sickness and miasma.
Your stone body is resilient. (AC +4)
You are immune to poison.
You resist negative energy. (rN+)
You are resistant to electric shocks. (rElec)
You are resistant to unholy torment.
You are immune to petrification.


   Skills:
 - Level 3.2 Fighting
 + Level 4.3 Axes
 - Level 3.5 Throwing
 - Level 3.2 Armour
 - Level 3.2 Shields


You had 5 spell levels left.
You didn't know any spells.
Your spell library was empty.

Inventory:

Hand Weapons
 e - a +0 flail
 Y - a +0 war axe (weapon)
Missiles
 h - a boomerang
 p - 2 javelins (quivered)
Armour
 b - a +0 scale mail (worn)
 c - a +0 buckler (worn)
 o - a +0 helmet (worn)
Jewellery
 g - a ring of see invisible (left hand)
 i - a ring of fire
 l - an amulet of regeneration (around neck)
Scrolls
 a - a scroll of identify
 k - 2 scrolls of teleportation
Potions
 d - 2 potions of might
 f - a potion of haste
 j - a potion of mutation
 m - a potion of heal wounds
 n - 3 potions of curing

Dungeon Overview and Level Annotations

Branches:
Dungeon (5/15)
 Temple: D:4-7

Altars:
Yredelemnul

Shops:
D:1 !=[[   D:2 ?   D:4 (

Portals:
Abyss: D:3

Annotations:
D:3 2 transporters, qw's ghost, weakling GrFi


Message History

You kill the orc!
An ogre comes into view. It is wielding a +0 giant club.
There is a stone staircase leading up here.
3602 ||| Stepping ~*~*~tactically~*~*~ (stealth).
An orc comes into view. It is wielding a +0 short sword.
The orc shouts!
You hear a shout! x2
3604 ||| Stepping ~*~*~tactically~*~*~ (stealth).
Throw: 5 javelins
Press: ? - help, Q - select action, (/) - cycle Shift-Dir - straight line, f - orc You throw a javelin.
The javelin pierces through the orc.
The orc is moderately wounded.
Throw: 4 javelins
Press: ? - help, Q - select action, (/) - cycle Shift-Dir - straight line, f/p - orc You throw a javelin.
The ogre shouts!
The javelin pierces through the orc but does no damage.
The orc is moderately wounded.
You hear a shout!
Throw: 3 javelins
Press: ? - help, Q - select action, (/) - cycle Shift-Dir - straight line, f/p - orc You throw a javelin.
The javelin pierces through the orc.
The orc is heavily wounded.
A jelly comes into view.
You closely miss the orc.
The orc is heavily wounded.
The orc hits you but does no damage.
You hit the orc.
You kill the orc!
The ogre hits you with a +0 giant club!!
Ouch! That really hurt!
You slash the ogre!
The ogre is moderately wounded.
An orc comes into view. It is wielding a +0 club.
You slash the ogre!
The ogre is severely wounded.
The ogre hits you with a +0 giant club.
You barely miss the ogre.
The ogre is severely wounded.
The ogre hits you with a +0 giant club!!
You die...

#.## ###### O..( ### #....#
#)o# ..# #.##.# .(# ..#
#.##<# ..(
..#######.##.#.##.#
..%.......##.#.##J#
..##########.#.##O########...
...............#@<.........#
..###..####....####..#####.#
...##..........# #......#.#
...##...##.....# #..#...#.#
...##....#.....####.##.....#
.......###.................#
....)..........####.##.....#
........##....## #.##.....#
.....##....#.## #.##....:##


You could see an ogre, a jelly and an orc.

Vanquished Creatures
  Sigmund (D:5)
  2 adders (D:2)
  A worm (D:2)
  A dart slug (D:3)
  7 orcs
  2 bats (D:3)
  3 endoplasms
  9 giant cockroaches
  4 goblins
  5 hobgoblins
  5 jackals
  3 quokkas
  4 ball pythons
  13 frilled lizards
  2 kobolds
  4 rats
66 creatures vanquished.

Vanquished Creatures (others)
  46 plants
46 creatures vanquished.

Grand Total: 112 creatures vanquished

Notes
Turn   | Place    | Note
-------+----------+-------------------------------------------
     0 | D:1      | qw the Gargoyle Fighter began the quest for the Orb.
     0 | D:1      | Reached XP level 1. HP: 14/14 MP: 1/1
     0 | D:1      | 0 ||| qw: Version: 0.2-a-17-g06abaee
     0 | D:1      | 0 ||| qw: Game counter: 2282
     0 | D:1      | 0 ||| qw: Always use a shield: true
     0 | D:1      | 0 ||| qw: God list: Okawaru
     0 | D:1      | 0 ||| qw: Allow faded altars: false
     0 | D:1      | 0 ||| qw: Do Orc after D:15 true
     0 | D:1      | 0 ||| qw: Do second Lair branch before Depths: true
     0 | D:1      | 0 ||| qw: Lair rune preference: random
     0 | D:1      | 0 ||| qw: Plans: Normal, Zot:1-4, God:TSO, Crypt, Tomb,
                  | Pan, Slime:5, Hells, Abyss, Orb
     0 | D:1      | 0 ||| PLANNING D:1-11
   159 | D:1      | 159 ||| Stepping ~*~*~tactically~*~*~ (stealth).
   168 | D:1      | Reached skill level 2 in Axes
   195 | D:1      | Found a faded altar of an unknown god.
   195 | D:1      | Found Datauv's Antique Armour Boutique.
   209 | D:1      | 209 ||| SHOPLISTING glowing chain mail (172 gold, have 0).
   209 | D:1      | 209 ||| SHOPLISTING runed ring mail (161 gold, have 0).
   209 | D:1      | 209 ||| SHOPLISTING tower shield (103 gold, have 0).
   241 | D:1      | Found Pogij's Antique Armour Shop.
   249 | D:1      | 249 ||| SHOPLISTING cloak (99 gold, have 0).
   249 | D:1      | 249 ||| SHOPLISTING dyed leather armour (110 gold, have 0).
   249 | D:1      | 249 ||| SHOPLISTING pair of boots (99 gold, have 0).
   249 | D:1      | 249 ||| SHOPLISTING pair of gloves (99 gold, have 0).
   273 | D:1      | Found Bajyuxet's Distillery.
   293 | D:1      | 293 ||| SHOPLISTING potion of attraction (33 gold, have 8).
   293 | D:1      | 293 ||| SHOPLISTING potion of haste (110 gold, have 8).
   293 | D:1      | 293 ||| SHOPLISTING potion of mutation (88 gold, have 8).
   470 | D:1      | Found Opaxtuag's Jewellery Emporium.
   478 | D:1      | 478 ||| SHOPLISTING +4 ring of evasion (432 gold, have 8).
   478 | D:1      | 478 ||| SHOPLISTING +4 ring of protection (432 gold, have
                  | 8).
   478 | D:1      | 478 ||| SHOPLISTING +6 ring of strength (432 gold, have 8).
   478 | D:1      | 478 ||| SHOPLISTING amulet of reflection (360 gold, have
                  | 8).
   478 | D:1      | 478 ||| SHOPLISTING amulet of the acrobat (360 gold, have
                  | 8).
   478 | D:1      | 478 ||| SHOPLISTING ring of resist corrosion (240 gold,
                  | have 8).
   478 | D:1      | 478 ||| SHOPLISTING ring of willpower (300 gold, have 8).
   678 | D:1      | 678 ||| UPGRADING to ring of see invisible.
   679 | D:1      | 679 ||| READING 2 scrolls labelled IPNITT JAIMNO.
   680 | D:1      | 680 ||| READING scroll labelled QAGOGE ESMALI.
   681 | D:1      | 681 ||| READING scroll labelled FYBIMU EKIGH.
   682 | D:1      | 682 ||| DROPPING scroll of fear.
   741 | D:2      | Reached XP level 2. HP: 19/19 MP: 2/2
   777 | D:2      | 777 ||| Stepping ~*~*~tactically~*~*~ (stealth).
   781 | D:2      | 781 ||| Stepping ~*~*~tactically~*~*~ (stealth).
   784 | D:2      | 784 ||| Stepping ~*~*~tactically~*~*~ (stealth).
   804 | D:2      | Reached skill level 3 in Axes
   845 | D:2      | Reached XP level 3. HP: 23/23 MP: 3/3
   863 | D:2      | 863 ||| Stepping ~*~*~tactically~*~*~ (stealth).
   972 | D:2      | 972 ||| Stepping ~*~*~tactically~*~*~ (stealth).
  1032 | D:2      | 1032 ||| DROPPING +0 club.
  1091 | D:2      | 1091 ||| Stepping ~*~*~tactically~*~*~ (water).
  1159 | D:2      | 1159 ||| Stepping ~*~*~tactically~*~*~ (stealth).
  1160 | D:2      | 1160 ||| Stepping ~*~*~tactically~*~*~ (stealth).
  1346 | D:2      | Found Rofu's Magic Scroll Emporium.
  1355 | D:2      | 1355 ||| BUYING 2 scrolls of teleportation (60 gold).
  1355 | D:2      | Bought 2 scrolls of teleportation for 60 gold pieces
  1355 | D:2      | 1355 ||| SHOPLISTING 3 scrolls of identify (60 gold, have
                  | 40).
  1355 | D:2      | 1355 ||| SHOPLISTING scroll of enchant armour (75 gold,
                  | have 40).
  1355 | D:2      | 1355 ||| BUYING scroll of identify (20 gold).
  1355 | D:2      | Bought a scroll of identify for 20 gold pieces
  1355 | D:2      | 1355 ||| BUYING scroll of identify (20 gold).
  1355 | D:2      | Bought a scroll of identify for 20 gold pieces
  1355 | D:2      | 1355 ||| SHOPLISTING scroll of teleportation (30 gold, have
                  | 0).
  1595 | D:2      | Reached XP level 4. HP: 28/28 MP: 4/4
  1630 | D:2      | 1630 ||| READING scroll labelled KAL ZI HAUZ.
  1631 | D:2      | 1631 ||| READING scroll labelled SEATAD ACER.
  1632 | D:2      | 1632 ||| READING 5 scrolls of identify.
  1632 | D:2      | 1632 ||| IDENTIFYING inky potion
  1633 | D:2      | 1633 ||| READING 4 scrolls of identify.
  1633 | D:2      | 1633 ||| IDENTIFYING fizzy dark potion
  1634 | D:2      | 1634 ||| DROPPING potion of brilliance.
  1895 | D:3      | Noticed a toenail golem
  1925 | D:3      | 1925 ||| Stepping ~*~*~tactically~*~*~ (stealth).
  1937 | D:3      | Reached skill level 4 in Axes
  2097 | D:3      | 2097 ||| Stepping ~*~*~tactically~*~*~ (hiding).
  2225 | D:3      | Noticed a small abomination
  2230 | D:3      | Found a transporter.
  2234 | D:3      | Found a transporter.
  2432 | D:3      | Noticed a small abomination
  2443 | D:3      | Found a one-way gate to the infinite horrors of the Abyss.
  2443 | D:3      | Noticed qw's ghost (weakling GrFi)
  2597 | D:3      | 2597 ||| DROPPING amulet of faith.
  2598 | D:3      | 2598 ||| UPGRADING to amulet of regeneration.
  2603 | D:3      | 2603 ||| READING scroll labelled RACRUCRUMUM.
  2604 | D:3      | 2604 ||| READING 5 scrolls of identify.
  2604 | D:3      | 2604 ||| IDENTIFYING puce potion
  2605 | D:3      | 2605 ||| READING 4 scrolls of identify.
  2605 | D:3      | 2605 ||| IDENTIFYING golden potion
  2687 | D:4      | 2687 ||| DROPPING +0 mace.
  2725 | D:4      | Found a basalt altar of Yredelemnul.
  3083 | D:4      | Found Sow Logiov's Antique Weapon Emporium.
  3351 | D:4      | 3351 ||| DROPPING +1 vorpal mace.
  3475 | D:4      | 3475 ||| UPGRADING to +0 helmet.
  3480 | D:4      | 3480 ||| READING scroll labelled XIGRIH AGEULL.
  3481 | D:4      | 3481 ||| READING 3 scrolls of identify.
  3481 | D:4      | 3481 ||| IDENTIFYING silvery potion
  3482 | D:4      | 3482 ||| READING 2 scrolls of identify.
  3482 | D:4      | 3482 ||| IDENTIFYING purple potion
  3483 | D:4      | 3483 ||| DROPPING potion of ambrosia.
  3489 | D:5      | Entered Level 5 of the Dungeon
  3528 | D:5      | Noticed Sigmund
  3529 | D:5      | 3529 ||| Stepping ~*~*~tactically~*~*~ (hiding).
  3532 | D:5      | 3532 ||| Stepping ~*~*~tactically~*~*~ (hiding).
  3548 | D:5      | Killed Sigmund
  3549 | D:5      | Reached skill level 3 in Throwing
  3549 | D:5      | Reached XP level 5. HP: 31/32 MP: 5/5
  3549 | D:5      | Reached XP level 6. HP: 36/37 MP: 6/6
  3602 | D:5      | 3602 ||| Stepping ~*~*~tactically~*~*~ (stealth).
  3604 | D:5      | 3604 ||| Stepping ~*~*~tactically~*~*~ (stealth).
  3613 | D:5      | Slain by an ogre

Levels and vault maps discovered:
D:1:      roderic_lyre, layout_rooms, serial_shops, nicolae_shop_waterfront,
          shop, shop_statue, shop_statue, shapermc_ecumenical_altar_acropolis,
          nrook_mini_vaults, minmay_misc_feat_encased, serial_bayou_ford_a
D:2:      minmay_roachtagon, layout_basic, serial_bayou, serial_bayou_lake_a,
          serial_bayou_pond_d, serial_bayou_shore_a, serial_bayou_lagoon_a,
          serial_shops, nicolae_shop_stone, minmay_misc_feat_tiny
D:3:      layout_basic, gammafunk_ghost_abyssal_escape, minmay_lizard_king
D:4:      layout_loops_corners, lemuel_doored_altar, serial_shops,
          nicolae_lakefront_shop, chequers_serial_rivers_small_a
D:5:      layout_basic, uniq_eustachio, uniq_menkaure, uniq_sigmund

Skill      XL: |  1  2  3  4 |
---------------+-------------+-----
Axes           | 2 3 4 |  4.3
Throwing       | 3 |  3.5
Fighting       | |  3.2
Armour         | |  3.2
Shields        | |  3.2

Action                   |  1- 3 |  4- 6 || total
-------------------------+-------+-------++-------
Melee: War axe           |   104 |    93 ||   197
Throw: Boomerang         |       |     4 ||     4
       Javelin           |       |     4 ||     4
  Use: Scroll            |     3 |    10 ||    13
Armor: Scale mail        |    46 |    40 ||    86
Dodge: Dodged            |    41 |    30 ||    71
Block: Buckler           |    12 |    16 ||    28

Table legend:
 A = Non-vault XP
 B = Vault XP
 C = Vault XP percentage of total XP
 D = Non-vault monster count
 E = Vault monster count
 F = Vault count percentage of total count
                 A         B        C        D         E       F
            +---------+---------+-------+---------+---------+-------
      Total |     126 |     250 |  66.5 |      52 |      14 |  21.2
            +---------+---------+-------+---------+---------+-------
        D:1 |       9 |       0 |   0.0 |       6 |       0 |   0.0
        D:2 |      61 |      12 |  16.4 |      20 |       6 |  23.1
        D:3 |      21 |       7 |  25.0 |      12 |       7 |  36.8
        D:4 |      23 |       0 |   0.0 |       9 |       0 |   0.0
        D:5 |      12 |     231 |  95.1 |       5 |       1 |  16.7
            +---------+---------+-------+---------+---------+-------
